 Dungeon Crawl Stone Soup version 0.29-a0-670-g5ff2a30383 (webtiles) character file.

Game seed: 5894744175686854380

96215 Flugkiller the Cleaver (level 16, -10/113 HPs)
             Began as an Octopode Cinder Acolyte on June 24, 2022.
             Was an Elder of Ignis.
             Shot with an arrow by a centaur warrior (15 damage)
             ... on level 8 of the Dungeon.
             The game lasted 00:56:14 (35520 turns).

Flugkiller the Cleaver (Octopode Cinder Acolyte)   Turns: 35520, Time: 00:56:15

Health: -10/113    AC: 11    Str: 22    XL:     16   Next: 16%
Magic:  23/23      EV: 21    Int: 24    God:    Ignis [****..]
Gold:   1446       SH:  5    Dex: 13    Spells: 21/25 levels left

rFire   + . .      SeeInvis +   a - +9 broad axe "Osunas" {vorpal, rF- rN+ Str+2}
rCold   + . .      Faith    .   P - +0 buckler
rNeg    + . .      Spirit   .   u - +2 hat
rPois   .          Reflect  .   Y - amulet of the acrobat
rElec   .          Harm     .   p - +4 ring of protection
rCorr   .          Rampage  .   K - +4 ring of protection
Will    +....                   v - +4 ring of evasion
Stlth   +++++.....              x - +6 ring of strength
HPRegen 0.28/turn               f - ring of protection from fire
MPRegen 0.18/turn               V - +6 ring of intelligence
                                i - ring of see invisible
                                c - ring of protection from cold

@: studying Staves
A: almost no armour, amphibious, 8 rings, camouflage 1, gelatinous body 1,
(nimble swimmer 1), tentacles
a: Renounce Religion, Fiery Armour, Foxfire Swarm, Rising Flame


You were on level 8 of the Dungeon.
You worshipped Ignis.
Ignis was greatly pleased with you.
You visited 3 branches of the dungeon, and saw 23 of its levels.
You also visited: Ice Cave and Volcano.

You collected 2507 gold pieces.
You spent 1061 gold pieces at shops.

Inventory:

Hand Weapons
 a - the +9 broad axe "Osunas" (weapon) {vorpal, rF- rN+ Str+2}
   (You bought it in a shop on level 9 of the Dungeon)

   It inflicts extra damage upon your enemies.
   Str:       It affects your strength (+2).
   rF:        It makes you vulnerable to fire.
   rN:        It protects you from negative energy.
 b - a +1 broad axe of flaming
   (You took it off a hell knight in a volcano)
 I - the +6 falchion "Worm's Wrath" {venom, rElec Int+7}
   (You found it on level 2 of the Lair of Beasts)

   It poisons the flesh of those it strikes.
   Int:       It affects your intelligence (+7).
   rElec:     It insulates you from electricity.
Missiles
 m - 19 boomerangs
 C - 2 curare-tipped darts (quivered)
 E - 28 poisoned darts
 J - 9 javelins
 S - a throwing net
Armour
 u - a +2 hat (worn)
   (You found it on level 4 of the Dungeon)
 P - a +0 buckler (worn)
   (You found it on level 14 of the Dungeon)
Jewellery
 c - a ring of protection from cold (on tentacle)
   (You took it off a reaper in an ice cave)
 f - a ring of protection from fire (on tentacle)
   (You found it on level 8 of the Dungeon)
 i - a ring of see invisible (on tentacle)
   (You found it on level 1 of the Lair of Beasts)
 p - a +4 ring of protection (left tentacle)
   (You found it on level 1 of the Dungeon)
 s - an amulet of reflection
   (You found it on level 12 of the Dungeon)
 v - a +4 ring of evasion (on tentacle)
   (You bought it in a shop on level 4 of the Dungeon)
 x - a +6 ring of strength (on tentacle)
   (You took it off a centaur on level 4 of the Dungeon)
 K - a +4 ring of protection (right tentacle)
   (You found it on level 1 of the Dungeon)
 V - a +6 ring of intelligence (on tentacle)
   (You found it on level 4 of the Lair of Beasts)
 Y - an amulet of the acrobat (around mantle)
   (You bought it in a shop on level 4 of the Dungeon)
Wands
 j - a wand of flame (16)
   (You found it on level 1 of the Lair of Beasts)
 F - a wand of polymorph (4)
   (You found it on level 3 of the Dungeon)
 G - a wand of charming (9)
   (You found it on level 6 of the Dungeon)
 H - a wand of digging (8)
   (You took it off Pikel on level 6 of the Dungeon)
 N - a wand of mindburst (4)
   (You took it off an orc on level 9 of the Dungeon)
 Q - a wand of quicksilver (17)
   (You found it on level 9 of the Dungeon)
 T - a wand of iceblast (9)
   (You found it on level 2 of the Dungeon)
Scrolls
 e - 3 scrolls of amnesia
 o - 5 scrolls of immolation
 r - 4 scrolls of identify
 t - 2 scrolls of teleportation
 z - 2 scrolls of magic mapping
 A - 4 scrolls of vulnerability
 M - 4 scrolls of poison
 O - 2 scrolls of enchant weapon
 W - 2 scrolls of enchant armour
 Z - 2 scrolls of summoning
Potions
 d - 4 potions of might
 g - a potion of invisibility
 h - a potion of haste
 k - 7 potions of cancellation
 l - 5 potions of attraction
 n - 2 potions of resistance
 q - 6 potions of curing
 B - 2 potions of brilliance
 D - 10 potions of ambrosia
 L - 4 potions of lignification
 R - 2 potions of magic
 U - 3 potions of flight
 X - 2 potions of berserk rage
Miscellaneous
 y - a phantom mirror
   (You found it on level 10 of the Dungeon)


   Skills:
 + Level 11.4 Fighting
 - Level 6.0 Short Blades
 - Level 12.9(14.0) Axes
 - Level 9.0(12.1) Polearms
 - Level 6.0 Throwing
 - Level 11.0 Dodging
 - Level 9.0 Stealth
 - Level 6.0 Shields
 - Level 5.0 Spellcasting
 - Level 8.0 Summonings
 - Level 3.0 Fire Magic
 - Level 8.0 Air Magic
 - Level 9.0 Evocations


You had 21 spell levels left.
You knew the following spells:

 Your Spells              Type           Power      Damage    Failure   Level
a - Summon Lightning Spi  Summ/Air       44%        N/A       4%          4

Your spell library contained the following spells:

 Spells                   Type           Power      Damage    Failure   Level
 Summon Small Mammal      Summ           100%       N/A       1%          1
 Shock                    Conj/Air       100%       1d9       2%          1
 Scorch                   Fire           40%        2d7       4%          2
 Airstrike                Air            22%        N/A       4%          4
 Blink                    Tloc           12%        N/A       17%         2
 Passwall                 Tmut/Erth      5%         N/A       17%         2
 Dazzling Flash           Conj/Hex       12%        N/A       32%         3
 Lesser Beckoning         Tloc           6%         N/A       32%         3
 Stone Arrow              Conj/Erth      12%        3d7       32%         3
 Sticky Flame             Conj/Fire      13%        2d4       52%         4
 Lightning Bolt           Conj/Air       12%        1d26      52%         5
 Iskenderun's Mystic Bla  Conj/Tloc      6%         2d4       73%         4
 Manifold Assault         Tloc           6%         N/A       97%         5
 Dispersal                Tloc           3%         N/A       100%        6
 Iron Shot                Conj/Erth      3%         9d2       100%        6
 Starburst                Conj/Fire      6%         6d4       100%        6
 Disjunction              Tloc           3%         N/A       100%        8
 Chain Lightning          Conj/Air       12%        3d16      100%        9
 Animate Armour           Summ/Erth      Unusable   N/A       N/A         4

Dungeon Overview and Level Annotations

Branches:
Dungeon (15/15) Zot: 25446  Temple (0/1) D:6            Lair (6/6) D:8 Zot: 23540
  Swamp (0/4) Lair:2       Spider (0/4) Lair:3        Slime (0/5) Lair:5
    Orc (2/2) D:10 Zot: 8607     Elf (0/3) Orc:2        Depths (0/4) D:15
  IceCv (visited)         Volcano (visited)
 Vaults: D:13-14

Altars:
Fedhas
Hepliaklqana
Nemelex Xobeh
Qazlal
Sif Muna
Uskayaw
Vehumet
Beogh
Lugonu

Shops:
D:4 *   D:9 (   Orc:2 [([([

Portals:
Abyss: Lair:6

Annotations:
D:3 1 runed translucent door, Crazy Yiuf
D:10 Erolcha
D:12 1 runed translucent door
D:13 exclusion: 2 dancing weapons
D:14 exclusions: 4 fire elementals and 2 hell hounds, Azrael
D:15 Rupert
Lair:3 3 runed translucent doors, Hoaxag's ghost, journeyman DrTm
Lair:5 exclusion: 2 oklob plants
Orc:2 exclusion: oklob plant


Innate Abilities, Weirdness & Mutations

You cannot wear most types of armour.
You are amphibious.
You can wear up to eight rings at the same time.
Your skin changes colour to match your surroundings (Stealth+).
Your rubbery body absorbs attacks. (AC +1, EV +1)
((You are camouflaged when in or above water. (Stealth+)))
You have tentacles for arms and can constrict up to eight enemies at once.


Message History

The four-headed hydra is severely wounded.
The four-headed hydra bites you but does no damage.
The four-headed hydra completely misses you.
You block the four-headed hydra's attack.
The four-headed hydra bites you!
You chop one of the four-headed hydra's heads off!
The flame cauterises the wound!
You slice the three-headed hydra!! You burn the three-headed hydra!
You kill the three-headed hydra!
Your +1 broad axe of flaming stops flaming.
You feel stronger.
a - the +9 broad axe "Osunas" (weapon)
{vorpal, rF- rN+ Str+2} You closely miss the troll.
The troll is lightly wounded.
The troll completely misses you.
The troll claws you but does no damage. x2
You slash the troll! Your squeeze misses the troll.
The troll is heavily wounded.
The troll barely misses you. The troll closely misses you.
The troll claws you but does no damage.
You hit the troll.
The troll is severely wounded.
The troll closely misses you. x3
You slash the troll!
You kill the troll!
The troll leather armour is intact enough to wear.
The centaur warrior wields a +2 vorpal longbow.
The centaur warrior shoots an arrow.
The arrow hits the vampire!
The centaur warrior wields a +0 longbow.
The centaur warrior shoots an arrow.
The arrow hits the vampire!
The centaur warrior wields a +0 shortbow.
The centaur warrior shoots an arrow.
The arrow hits you!
You hit the vampire.
You destroy the vampire!
The centaur warrior shoots an arrow.
The arrow barely misses you.
You barely miss the centaur warrior.
You tentacle-slap the centaur warrior, but do no damage.
You squeeze the centaur warrior.
The centaur warrior is lightly wounded.
The centaur warrior shoots an arrow.
The arrow closely misses you.
You slash the centaur warrior!
Your squeeze misses the centaur warrior.
The centaur warrior is lightly wounded.
The centaur warrior shoots an arrow.
The arrow hits you!
The centaur warrior unwields a +2 vorpal longbow.
The centaur warrior hits you. The centaur warrior barely misses you.
The centaur warrior shoots an arrow.
The arrow hits you!!
* * * LOW HITPOINT WARNING * * *
The centaur warrior wields a +2 vorpal longbow.
The centaur warrior shoots an arrow.
The arrow misses you.
The centaur warrior shoots an arrow.
The arrow hits you.
* * * LOW HITPOINT WARNING * * *
You feel much better.
The centaur warrior unwields a +2 vorpal longbow.
The centaur warrior closely misses you.
The centaur warrior kicks you but does no damage.
You barely miss the centaur warrior.
You tentacle-slap the centaur warrior, but do no damage.
The centaur warrior is lightly wounded.
The centaur warrior misses you. The centaur warrior closely misses you.
Okay, then.
Unknown command.
Unknown command.
Really read the scroll of immolation?
As you read the scroll of immolation, it crumbles to dust.
The creatures around you are filled with an inner flame!
The centaur warrior hits you but does no damage.
You block the centaur warrior's attack.
The centaur warrior hits you but does no damage.
The centaur warrior kicks you but does no damage.
Unknown command.
You slice the centaur warrior!!
Flame seeps out of the centaur warrior. x3
You squeeze the centaur warrior.
The centaur warrior is severely wounded.
The centaur warrior is engulfed in blazing flames.
Flame seeps out of the centaur warrior.
The centaur warrior hits you but does no damage.
The centaur warrior kicks you.
You slice the centaur warrior!!
The centaur warrior explodes!
The fiery explosion engulfs you! You resist.
* * * LOW HITPOINT WARNING * * *
The fiery explosion engulfs the centaur warrior!!
Flame seeps out of the centaur warrior.
The centaur warrior is heavily wounded.
The fiery explosion engulfs the centaur warrior!!
Flame seeps out of the centaur warrior.
The centaur warrior is moderately wounded.
You are engulfed in blazing flames.
You resist.
* * * LOW HITPOINT WARNING * * *
The centaur warrior is engulfed in blazing flames.
Flame seeps out of the centaur warrior.
The centaur warrior shoots an arrow.
You block the arrow.
The centaur warrior is engulfed in blazing flames.
Flame seeps out of the centaur warrior.
The centaur warrior shoots an arrow.
The arrow hits you!!
* * * LOW HITPOINT WARNING * * *
The centaur warrior is engulfed in blazing flames.
Flame seeps out of the centaur warrior.
The centaur warrior shoots an arrow.
The arrow hits you!
You die...

# # ### ..## ############ ####
...## #####..........# #..#
##..#####..............# #...
##........#............# ###.#.
............##########.## ##...#.
#....##.........@○c# #..# #..####
##......##########c####.###.## #
###....#>.9T...<#T9..#.##..# #
##...#..c.....#H...#..#.######
#...#........#....##.#[##...#
#...#...![:.......##.#.##.#.+
##..#...:|[..#.........#..#.#
#####...#...$$[..#........##.#..#
........# ...$c..#....##..#..#.#.


You could see 2 centaur warriors, a manticore, a troll and a gargoyle (inner
flame).

Vanquished Creatures
  Gastronok (Lair:1)
  An orc warlord (Orc:1)
  A reaper (IceCv)
  Snorg (D:13)
  A rakshasa (D:13)
  7 hydras
  3 boulder beetles
  5 two-headed ogres
  5 centaur warriors
  A catoblepas (D:13)
  A death yak (Lair:4)
  3 orc high priests
  4 thrashing horrors (Lair:6)
  Sonja (D:12)
  A hell knight (Volcano)
  A salamander mystic (Volcano)
  A lindwurm (shapeshifter) (Lair:6)
  Pikel (D:6)
  3 lindwurms
  An orc knight (D:15)
  A deep elf zephyrmancer (D:15)
  A necromancer (D:15)
  4 salamanders (Volcano)
  4 cyclopes
  11 ugly things
  8 manticores
  3 orc sorcerers
  10 elephants (Lair:6)
  2 ice statues (IceCv)
  2 naga magi (D:15)
  A centaur skeleton (D:15)
  A black mamba (Lair:1)
  A torpor snail (Lair:6)
  An unseen horror (D:11)
  11 cane toads
  A smoke demon (Lair:6)
  A gargoyle (D:13)
  An unseen horror (shapeshifter) (D:14)
  4 rime drakes (Lair:6)
  13 komodo dragons
  An efreet (D:13)
  3 freezing wraiths
  8 ice devils
  An entropy weaver simulacrum (IceCv)
  An anaconda simulacrum (IceCv)
  3 ancient zymes (Lair:6)
  A queen bee (D:10)
  6 polar bears
  5 trolls
  35 blink frogs
  A harpy skeleton (D:15)
  5 slime creatures
  A hornet (D:10)
  5 dream sheep (Lair:6)
  A raiju (shapeshifter) (Lair:6)
  A shadow (D:12)
  A centaur simulacrum (D:15)
  A ynoxinul (Lair:6)
  2 wraiths (D:12)
  40 yaks
  3 vampires
  2 dire elephant simulacra (IceCv)
  11 wyverns
  2 fire bats (Volcano)
  A steam dragon (D:7)
  2 large abominations (Lair:6)
  Grum (D:10)
  A fire elemental (D:14)
  2 chaos spawn (Lair:6)
  2 redbacks (Lair:3)
  A death yak simulacrum (IceCv)
  11 vampire mosquitoes
  5 basilisks
  2 wargs
  Edmund (D:4)
  2 hell hounds (Lair:6)
  10 water moccasins
  2 acid dragons (D:13)
  11 small abominations (Lair:6)
  3 ice beasts
  3 black bears
  A sky beast (D:7)
  30 orc warriors
  3 ogres
  11 centaurs
  4 wolves (D:10)
  4 lemures
  3 phantoms
  3 kobold brigands
  A necrophage (D:5)
  A cane toad simulacrum (IceCv)
  2 gnoll sergeants
  A scorpion (D:6)
  3 two-headed ogre simulacra (IceCv)
  12 bullfrogs
  6 wights (D:9)
  46 killer bees
  7 howler monkeys
  4 electric eels
  3 lava snakes (Volcano)
  5 hounds
  15 orc priests
  2 jellies
  5 iguanas
  23 orc wizards
  A scorpion zombie (D:2)
  9 hell rats (Lair:6)
  A troll simulacrum (IceCv)
  A polar bear simulacrum (IceCv)
  A wolf simulacrum (IceCv)
  8 gnolls
  14 adders
  3 naga simulacra (IceCv)
  A shadow imp (D:6)
  6 white imps
  2 ufetubi
  2 worms
  3 dart slugs
  97 orcs
  7 ball pythons
  9 bats
  2 bat skeletons (D:2)
  A bat zombie (D:2)
  11 endoplasms
  8 giant cockroaches
  8 hobgoblins
  6 jackals
  2 quokkas
  A ball python skeleton (D:2)
  6 frilled lizards
  5 goblins
  A jackal skeleton (D:2)
  20 kobolds
  A quokka skeleton (D:2)
  A rat (D:1)
757 creatures vanquished.

Vanquished Creatures (collateral kills)
  2 hydras
  A black mamba (Lair:5)
  An elephant (Lair:6)
  A komodo dragon (Lair:5)
  A blink frog (Lair:6)
  3 yaks (Lair:5)
  A water moccasin (Lair:6)
  An orc warrior (D:10)
  2 bullfrogs
  3 hell rats (Lair:6)
  An orc (D:10)
17 creatures vanquished.

Vanquished Creatures (others)
  A cane toad (Lair:1)
  A komodo dragon (Lair:6)
  45 fungi
  81 plants
128 creatures vanquished.

Grand Total: 902 creatures vanquished

Notes
Turn   | Place    | Note
-------+----------+-------------------------------------------
     0 | D:1      | Flugkiller the Octopode Cinder Acolyte began the quest for
                  | the Orb.
     0 | D:1      | Reached XP level 1. HP: 16/16 MP: 2/2
   180 | D:1      | Reached XP level 2. HP: 21/21 MP: 3/3
   480 | D:1      | Reached XP level 3. HP: 27/27 MP: 4/4
   948 | D:2      | Reached skill level 1 in Stealth
  1043 | D:2      | Found a faded altar of an unknown god.
  1052 | D:2      | Got Plato's Volume of Companions
  1205 | D:2      | Reached XP level 4. HP: 34/34 MP: 5/5
  1508 | D:3      | Reached skill level 1 in Short Blades
  1508 | D:3      | Reached XP level 5. HP: 36/38 MP: 6/6
  1991 | D:3      | Noticed an ice beast
  2024 | D:2      | HP: 1/38 [orc priest/+0 short sword (1)]
  2026 | D:2      | Reached XP level 6. HP: 2/44 MP: 7/7
  2199 | D:3      | Reached skill level 1 in Throwing
  2224 | D:3      | Found a runed translucent door.
  2225 | D:3      | Noticed Crazy Yiuf
  2884 | D:3      | an ice beast changed into a frilled lizard
  3099 | D:4      | Reached XP level 7. HP: 42/49 MP: 8/8
  3304 | D:4      | Reached skill level 5 in Fighting
  3318 | D:4      | Reached skill level 5 in Stealth
  3454 | D:4      | Noticed Edmund
  3478 | D:4      | Killed Edmund
  3630 | D:4      | Found Kuwothis's Assorted Antiques.
  3638 | D:4      | Bought a square jade amulet for 115 gold pieces
  3638 | D:4      | Bought a brass ring for 115 gold pieces
  3811 | D:5      | Entered Level 5 of the Dungeon
  3811 | D:5      | You fall into a shaft and drop 1 floor!
  3859 | D:4      | Reached XP level 8. HP: 40/56 MP: 9/9
  4069 | D:5      | Reached skill level 5 in Short Blades
  4069 | D:5      | Reached skill level 1 in Evocations
  4263 | D:5      | Found a shimmering blue altar of Sif Muna.
  4263 | D:5      | Found a hide-covered altar of Uskayaw.
  4701 | D:5      | Reached skill level 5 in Evocations
  4849 | D:6      | Got the Catalogue of the Mountains and the Birds
  4881 | D:6      | Found a staircase to the Ecumenical Temple.
  4916 | D:6      | Reached XP level 9. HP: 47/62 MP: 10/10
  4941 | D:6      | Reached skill level 5 in Throwing
  5137 | D:6      | Noticed Pikel
  5279 | D:6      | Killed Pikel
  5280 | D:6      | Reached skill level 1 in Dodging
  6140 | D:7      | Reached XP level 10. HP: 59/72 MP: 11/11
  6254 | D:7      | Reached skill level 5 in Dodging
  6887 | D:7      | Learned a level 4 spell: Summon Lightning Spire
  7076 | D:8      | Noticed a centaur warrior
  7076 | D:8      | Noticed a centaur warrior
  7077 | D:8      | Noticed a gargoyle
  7077 | D:8      | Noticed a centaur warrior
  7250 | D:8      | Noticed a centaur warrior
  7251 | D:8      | Noticed a manticore
  7283 | D:8      | Noticed a seven-headed hydra
  7337 | D:8      | Reached skill level 1 in Air Magic
  7346 | D:8      | Found a staircase to the Lair.
  7380 | D:8      | Reached skill level 1 in Summonings
  8765 | D:9      | Noticed a two-headed ogre
  8794 | D:9      | Killed a two-headed ogre
  9030 | D:9      | Found Kuagaz's Weapon Shop.
  9162 | D:10     | Entered Level 10 of the Dungeon
  9206 | D:10     | Reached skill level 5 in Air Magic
  9206 | D:10     | Reached XP level 11. HP: 53/77 MP: 15/15
  9218 | D:10     | Reached skill level 5 in Polearms
  9409 | D:10     | Reached skill level 5 in Summonings
  9521 | D:10     | Found a radiant altar of Vehumet.
  9547 | D:10     | Noticed a two-headed ogre
  9721 | D:10     | Noticed Grum
  9742 | D:10     | Killed Grum
  9914 | D:10     | Noticed Erolcha
 10077 | D:10     | Found a staircase to the Orcish Mines.
 10368 | D:10     | Killed a two-headed ogre
 10410 | D:10     | Found a hazy altar of Hepliaklqana.
 10419 | D:10     | Found a blossoming altar of Fedhas.
 10678 | Lair:1   | Entered Level 1 of the Lair of Beasts
 10678 | Lair:1   | Noticed Gastronok
 10715 | Lair:1   | HP: 2/77 [Gastronok (21)]
 10843 | Lair:1   | Found a dark tunnel.
 10843 | Lair:1   | Noticed a lindwurm
 10844 | Lair:1   | Identified the +0 robe of Misanthropy {rElec Regen+ Int-3
                  | Dex+2}
 10852 | Lair:1   | Killed a lindwurm
 10940 | Volcano  | Entered a volcano
 11551 | Volcano  | Found a bloodstained altar of Trog.
 11551 | Volcano  | Noticed a salamander
 11551 | Volcano  | Noticed a salamander
 11551 | Volcano  | Noticed a salamander mystic
 11551 | Volcano  | Noticed a salamander
 11557 | Volcano  | Killed a salamander
 11558 | Volcano  | Killed a salamander
 11565 | Volcano  | Killed a salamander mystic
 11568 | Volcano  | Killed a salamander
 11572 | Volcano  | Noticed a hell knight
 11578 | Volcano  | Killed a hell knight
 11579 | Volcano  | Reached XP level 12. HP: 33/82 MP: 16/16
 12153 | Lair:1   | Killed Gastronok
 13178 | Lair:2   | Identified the +6 falchion "Worm's Wrath" {venom, rElec
                  | Int+7}
 13697 | Lair:2   | Found a staircase to the Swamp.
 15023 | Lair:3   | Noticed an eight-headed hydra
 15026 | Lair:3   | Killed an eight-headed hydra
 15035 | Lair:3   | Found a runed translucent gate.
 15035 | Lair:3   | Found a runed translucent gate.
 15035 | Lair:3   | Found a runed translucent gate.
 15049 | Lair:3   | Noticed Hoaxag's ghost (journeyman DrTm)
 15294 | Lair:3   | Found a hole to the Spider Nest.
 16079 | Lair:3   | Reached XP level 13. HP: 60/90 MP: 17/17
 16228 | Lair:3   | Reached skill level 10 in Fighting
 16553 | Lair:3   | Identified the +7 falchion of Autumn {elec, rC++}
 17458 | Lair:4   | Reached skill level 1 in Axes
 17478 | Lair:4   | Reached skill level 2 in Axes
 17792 | Lair:4   | Reached skill level 3 in Axes
 18441 | Lair:4   | Reached skill level 4 in Axes
 18776 | Lair:5   | Found a staircase to the Slime Pits.
 18885 | Lair:5   | Reached skill level 5 in Axes
 18979 | Lair:5   | Found a frozen archway.
 19043 | IceCv    | Entered an ice cave
 19051 | IceCv    | Reached skill level 6 in Axes
 19798 | IceCv    | Reached skill level 7 in Axes
 20449 | IceCv    | Noticed a reaper
 20490 | IceCv    | Killed a reaper
 20658 | IceCv    | Reached skill level 8 in Axes
 21886 | D:9      | Bought the +9 broad axe "Osunas" {vorpal, rF- rN+ Str+2}
                  | for 831 gold pieces
 22007 | Lair:6   | Entered Level 6 of the Lair of Beasts
 22029 | Lair:6   | Reached XP level 14. HP: 101/101 MP: 18/18
 22384 | Lair:6   | Reached skill level 9 in Axes
 22703 | Lair:6   | Reached skill level 10 in Axes
 23551 | Lair:6   | Reached skill level 11 in Axes
 23611 | Lair:6   | Got the Guide on Blows and Bruises
 24627 | Lair:6   | Reached skill level 12 in Axes
 25297 | Lair:6   | Found a corrupted altar of Lugonu.
 25297 | Lair:6   | Found a one-way gate to the infinite horrors of the Abyss.
 25782 | D:11     | Reached XP level 15. HP: 103/106 MP: 19/19
 26736 | D:12     | Reached skill level 10 in Dodging
 26960 | D:12     | Noticed Sonja
 26961 | D:12     | Killed Sonja
 26965 | D:12     | Found a runed translucent door.
 27620 | D:13     | Found a stormy altar of Qazlal.
 27930 | D:13     | Noticed Snorg
 28063 | D:13     | HP: 3/106 [Snorg (7)]
 28065 | D:13     | Killed Snorg
 29505 | D:14     | Reached skill level 1 in Shields
 29797 | D:14     | Noticed Azrael
 30573 | D:15     | Entered Level 15 of the Dungeon
 30777 | D:15     | Noticed Rupert
 31210 | D:15     | Found a sparkling altar of Nemelex Xobeh.
 31696 | D:15     | Found a staircase to the Depths.
 31753 | D:15     | Reached skill level 5 in Spellcasting
 32021 | Orc:1    | Entered Level 1 of the Orcish Mines
 32614 | Orc:2    | Entered Level 2 of the Orcish Mines
 33460 | Orc:2    | Found Anism's Armour Boutique.
 33685 | Orc:2    | Reached XP level 16. HP: 112/112 MP: 23/23
 33801 | Orc:2    | Found a staircase to the Elven Halls.
 33819 | Orc:2    | Found Wolopt's Antique Weapon Shoppe.
 33830 | Orc:2    | Reached skill level 5 in Shields
 33953 | Orc:2    | Found Cibb's Armour Boutique.
 35198 | Orc:2    | Found Udoriefe's Antique Armour Shoppe.
 35200 | Orc:2    | Found Toitreg's Antique Weapon Emporium.
 35520 | D:8      | HP: 5/113 [centaur warrior/arrow (18)]
 35520 | D:8      | Shot with an arrow by a centaur warrior

Illustrated notes

Levels and vault maps discovered:
D:1:      dpeg_arrival_ternary, layout_loops_ring
D:2:      layout_basic, shapermc_ecumenical_altar_rom_forum, serial_undead,
          serial_undead_d, serial_undead_d, serial_undead_b, serial_undead_d
D:3:      layout_basic, minmay_divided_ellipse, uniq_crazy_yiuf_cottage
D:4:      layout_cave_pools, serial_shops, shop, serial_glass, glass_columns_b,
          glass_columns_b, glass_columns_b, glass_columns_c,
          minmay_manual_mares, uniq_edmund
D:5:      layout_cave_pools, gammafunk_temple_overflow_elements, serial_park,
          serial_park_tiny_1, serial_park_tiny_pond, serial_park_avenue1,
          serial_park_tiny_1, serial_park_square1 [serial_park_minivault_5x5_1],
          ldierk_geyser, kennysheep_generic_room_7
D:6:      layout_cave_pools, temple_fountains, serial_bayou_pond_b, uniq_pikel
D:7:      layout_cave_pods
D:8:      layout_rooms, david_lair_shrubbed, minmay_liquid_box, minivault_12
D:9:      layout_irregular_city, serial_shops, nicolae_shop_stone
D:10:     layout_roguey [special_room_bee], nicolae_vehumet_altar_sigil,
          mainiacjoe_overflow_swirl, david_orc_2, uniq_erolcha, uniq_grum
D:11:     layout_basic, dreamdust_wishing_well
D:12:     cheibrodos_body_horror, layout_cave_pods, uniq_sonja
D:13:     layout_stronghold, erik_vaults_1, grunt_decor_arrowhead,
          nicolae_qazlal_style_of_elements, uniq_snorg
D:14:     layout_rooms, serial_glass, glass_columns_c, glass_columns_a,
          minmay_misc_feat_four_crosses, uniq_azrael
D:15:     grunt_enter_depths_magical_seal, layout_long_grid,
          nemelex_spade_bored_becter, uniq_rupert
Lair:1:   layout_cave_pods, nicolae_volcano_entry_vermiform, uniq_gastronok
Lair:2:   layout_cave_pods, minmay_swamp_entry_reptiles, minivault_24,
          minmay_holes, nicolae_lair_grove_arrangements, lemuel_fruit_fields
Lair:3:   layout_small_grid, spider_nest_entry_webs, gammafunk_ghost_necromancy
Lair:4:   layout_roguey, beast_lair_carwin_1, grunt_megastairs_3,
          serial_bayou_shore_a
Lair:5:   layout_long_grid, minmay_slime_entry_oklob_open,
          portal_ice_cave_demonic_guard, st_stairs_6, nicolae_lair_lindhole,
          serial_bayou_shore_b
Lair:6:   hellmonk_lair_end_abyssal_woods, layout_long_grid, special_room
          [special_room_mythical_zoo], chequers_serial_rivers_small_3
Orc:1:    layout_diamond_mine, nicolae_orc_damp_corner
Orc:2:    grunt_orc_community_town_hall, layout_caves,
          grunt_orc_community_big_house_2, grunt_orc_community_big_house_2,
          grunt_orc_community_house_1, grunt_orc_community_house_1,
          grunt_orc_community_house_2, grunt_orc_community_house_2,
          grunt_orc_community_house_1, grunt_orc_community_house_1,
          serial_shops, nicolae_diamond_shop, mines3_lemuel

Skill      XL: |  1  2  3  4  5  6  7  8  9 10 11 12 13 14 15 16 |
---------------+-------------------------------------------------+-----
Fighting       | 4 5 6 7 8 9 11 | 11.4
Stealth        | 2 4 5 6 9 |  9.0
Short Blades   | 1 3 4 5 6 |  6.0
Throwing       | 3 4 6 |  6.0
Evocations     | 5 9 |  9.0
Dodging        | 4 6 7 9 11 | 11.0
Air Magic      | 5 6 8 |  8.0
Summonings     | 4 6 8 |  8.0
Spellcasting   | 3 5 |  5.0
Polearms       | 4 8 9 |  9.0
Axes           | 8 12 | 12.9
Shields        | 4 6 |  6.0
Fire Magic     | |  3.0

Action                   |  1- 3 |  4- 6 |  7- 9 | 10-12 | 13-15 | 16-18 || total
-------------------------+-------+-------+-------+-------+-------+-------++-------
Melee: Spear             |   101 |    27 |       |       |       |       ||   128
       Constrict         |    19 |    25 |    53 |    69 |   107 |    30 ||   303
       Tentacles         |    14 |    25 |    69 |   132 |   282 |    33 ||   555
       Punch             |       |     3 |     6 |     6 |    14 |     2 ||    31
       Short sword       |       |    94 |   305 |   298 |       |       ||   697
       Halberd           |       |       |       |   206 |   117 |       ||   323
       Falchion          |       |       |       |    15 |   151 |       ||   166
       Broad axe         |       |       |       |       |   708 |   131 ||   839
Throw: Boomerang         |     3 |    17 |    20 |    22 |   111 |       ||   173
       Dart              |       |       |    15 |    57 |    87 |    10 ||   169
 Cast: Summon Lightning  |       |       |       |     6 |    32 |       ||    38
Invok: Fiery Armour      |       |       |     1 |     2 |     1 |       ||     4
Evoke: Wand              |       |     6 |     1 |    18 |    26 |     1 ||    52
       Phantom mirror    |       |       |       |     2 |       |       ||     2
  Use: Scroll            |       |     8 |     4 |    16 |     7 |     2 ||    37
       Potion            |       |     1 |     1 |     4 |     7 |     1 ||    14
 Stab: Sleeping          |     8 |     6 |     4 |    15 |    35 |     6 ||    74
       Distracted        |       |       |     1 |     1 |     4 |     1 ||     7
Armor: Skin              |    11 |    40 |   104 |   110 |   250 |    24 ||   539
Dodge: Dodged            |    37 |    82 |   231 |   542 |  1044 |   106 ||  2042
Block: Buckler           |       |       |       |       |    40 |    31 ||    71

Table legend: (Time is in decaauts)
 A = Elapsed time spent in this place.
 B = Non-inter-level travel time spent in this place.
 C = Inter-level travel time spent in this place.
 D = Time resting spent in this place.
 E = Time spent auto-exploring this place.
 F = Levels seen in this place.
 G = Mean time per level.
                   A        B        C        D        E       F      G
               +--------+--------+--------+--------+--------+-----+--------+
         Total |  35417 |  33813 |   1604 |  13443 |  12291 |  25 | 1416.7 |
       Dungeon |  17280 |  16324 |    956 |   4624 |   7753 |  15 | 1152.0 |
          Lair |  11748 |  11201 |    547 |   5134 |   3472 |   6 | 1958.0 |
  Orcish Mines |   3392 |   3291 |    101 |   1603 |   1062 |   2 | 1696.0 |
      Ice Cave |   2012 |   2012 |      0 |   1388 |      4 |   1 | 2012.0 |
       Volcano |    984 |    984 |      0 |    694 |      0 |   1 |  984.0 |
               +--------+--------+--------+--------+--------+-----+--------+

Top non-repeatable levels by time:
  Lair:6: 3217 daAuts
  Lair:3: 2249 daAuts
  Lair:2: 2161 daAuts
   Orc:1: 2057 daAuts
   IceCv: 2012 daAuts
     D:9: 1688 daAuts
    D:14: 1570 daAuts
  Lair:1: 1520 daAuts
     D:3: 1406 daAuts
    D:13: 1405 daAuts
    D:10: 1363 daAuts
    D:15: 1336 daAuts
   Orc:2: 1334 daAuts
  Lair:4: 1314 daAuts
  Lair:5: 1285 daAuts
